 Dungeon Crawl Stone Soup version 0.17-a0-2074-gaf3f87d (webtiles) character file.

567 Banto the Cutter (level 7, -4/42 HPs)
             Began as a Halfling Artificer on Oct 15, 2015.
             Was an Initiate of Gozag.
             Slain by Grinder (5 damage)
             ... in a sewer.
             The game lasted 00:08:02 (3203 turns).

Banto the Cutter (Halfling Artificer)               Turns: 3203, Time: 00:08:02

Health: -4/42      AC:  5    Str: 11      XL:     7   Next: 59%
Magic:  9/9        EV: 14    Int: 11      God:    Gozag
Gold:   407        SH:  0    Dex: 14 (17) Spells: 0 memorised, 6 levels left

rFire  . . .     SeeInvis .     f - +1 dagger (venom)
rCold  . . .     Clarity  .     b - +0 leather armour
rNeg   . . .     SustAt   .     (shield restricted)
rPois  .         Gourm    .     (no helmet)
rElec  .         Spirit   .     p - +0 cloak
rCorr  .         Warding  .     h - +0 pair of gloves
rMut   .         Stasis   .     (no boots)
MR     .....                    (no amulet)
Stlth  +++.......               (no ring)
                                (no ring)

@: not resistant to hostile enchantments, fairly stealthy
A: mutation resistance 1
a: Potion Petition, Call Merchant, Bribe Branch, Renounce Religion


You were in a sewer.
You worshipped Gozag.
Gozag was noncommittal.
You were not hungry.

You visited 1 branch of the dungeon, and saw 3 of its levels.
You also visited: Sewer.

You collected 451 gold pieces.
You paid 44 gold pieces to Gozag.

Inventory:

Hand Weapons
 a - a +0 short sword
 f - a +1 dagger of venom (weapon)
Armour
 b - a +0 leather armour (worn)
 h - a +0 pair of gloves (worn)
 p - a +0 cloak (worn)
Wands
 c - a wand of flame (36)
 d - a wand of enslavement (14)
 e - a wand of random effects (3)
Scrolls
 g - a scroll of remove curse
 l - a scroll of amnesia
Potions
 k - 2 potions of brilliance
 m - a potion of flight
Comestibles
 j - 2 meat rations


   Skills:
 - Level 0.8 Fighting
 + Level 7.1 Short Blades
 - Level 2.1 Dodging
 + Level 6.4 Stealth
 - Level 3.0 Evocations


You had 6 spell levels left.
You didn't know any spells.

Dungeon Overview and Level Annotations

Branches:
Dungeon (3/15)

Altars:
Gozag
Okawaru
Ru
Sif Muna
Yredelemnul
Zin

Annotations:
Sewer Grinder


Innate Abilities, Weirdness & Mutations

You are small and have problems with some larger weapons.
You are somewhat resistant to further mutation.


Message History

Drink which item? (? for menu, Esc to quit)
You feel much better. Grinder hits you!
You writhe in agony.
* * * LOW HITPOINT WARNING * * *
Drink which item? (? for menu, Esc to quit)
Okay, then.
You hit Grinder.
Grinder is moderately wounded.
You feel sick.
You are no longer poisoned.
Grinder drinks a potion.
Grinder seems to speed up.
Evoke which item? (* to show all) (? for menu, Esc to quit)
Zapping:
d - a wand of enslavement (15)
Press: ? - help, Shift-Dir - straight line, f - Grinder
Aim: Grinder (moderately wounded, fast, chance to defeat MR: 51%) Grinder resists with significant effort.
This wand has 14 charges left.
Grinder hits you!
* * * LOW HITPOINT WARNING * * *
You writhe in agony.
You die...
Your body crumbles into a pile of gold.

.≈.'.......'.§..?##
.'.§.Z.§.'.≈..(!∩
'.......'.≈..?#
##..§..##...### ##...##
####
#############(#############
#.≈.#≈≈≈≈≈≈#..K#≈≈≈≈≈≈#.≈.#
#≈...≈≈≈≈≈≈)...5§≈≈.≈≈...≈#
#≈..#))....#≈.≈#@.....#.≈.#
##.##(#######≈#######'##.##
#≈.≈#......#≈≈≈#......#≈.≈#
#≈≈.#≈.≈...#≈≈≈#..≈.≈≈#..≈#
#≈≈≈#≈≈≈≈≈...≈...≈≈≈≈≈#≈≈≈#
#≈≈≈#≈≈≈≈≈≈#≈..#≈≈≈≈≈≈#≈≈≈#
#≈≈≈#≈≈≈≈≈≈≈)≈.#≈≈≈≈≈≈#≈≈≈#
#≈≈≈#≈≈≈≈≈≈#.≈.#≈≈≈≈≈≈#≈≈≈#
#≈≈≈#≈≈≈≈≈≈#.≈.≈≈≈≈≈≈≈#≈≈≈#


You could see Grinder and a big kobold.

Vanquished Creatures
  A kobold demonologist (Sewer)
  A quasit (Sewer)
  Ijyb (D:2)
  Terence (D:2)
  3 big kobold zombies (Sewer)
  A gnoll (D:1)
  5 adders
  A shadow imp (Sewer)
  4 oozes
  An ufetubus (Sewer)
  2 adder zombies (Sewer)
  A worm (D:2)
  3 orcs (D:3)
  12 bats
  3 giant cockroaches
  8 goblins
  7 hobgoblins
  A quokka (D:2)
  A giant newt (D:1)
  14 kobolds
  A kobold zombie (Sewer)
  13 rats
  A spectral orc (D:2)
86 creatures vanquished.

Vanquished Creatures (others)
  A giant cockroach (Sewer)
  A kobold zombie (Sewer)
2 creatures vanquished.

Grand Total: 88 creatures vanquished

Notes
Turn   | Place    | Note
--------------------------------------------------------------
     0 | D:1      | Banto the Halfling Artificer began the quest for the Orb.
     0 | D:1      | Reached XP level 1. HP: 12/12 MP: 3/3
   187 | D:1      | Reached XP level 2. HP: 7/18 MP: 4/4
   659 | D:1      | Reached XP level 3. HP: 11/22 MP: 5/5
  1149 | D:2      | Found an opulent altar of Gozag.
  1149 | D:2      | Found an iron altar of Okawaru.
  1150 | D:2      | Found a sacrificial altar of Ru.
  1206 | D:2      | Reached XP level 4. HP: 22/27 MP: 6/6
  1374 | D:2      | Noticed Ijyb
  1378 | D:2      | Noticed Terence
  1389 | D:2      | Killed Terence
  1407 | D:2      | Killed Ijyb
  1407 | D:2      | Reached skill level 4 in Short Blades
  1407 | D:2      | Reached XP level 5. HP: 32/32 MP: 7/7
  1431 | D:2      | Found a deep blue altar of Sif Muna.
  1561 | D:2      | Became a worshipper of Gozag Ym Sagoz the Greedy
  1906 | D:2      | Found a glowing silver altar of Zin.
  2024 | D:2      | Found a basalt altar of Yredelemnul.
  2265 | D:3      | Found a glowing drain.
  2273 | Sewer    | Entered a sewer
  2694 | Sewer    | Reached skill level 5 in Short Blades
  2722 | Sewer    | Found a burning altar of Makhleb.
  2730 | Sewer    | Reached XP level 6. HP: 28/37 MP: 8/8
  2779 | Sewer    | Reached skill level 5 in Stealth
  3125 | Sewer    | Noticed an apprentice kobold demonologist
  3176 | Sewer    | Killed an apprentice kobold demonologist
  3176 | Sewer    | Reached skill level 7 in Short Blades
  3176 | Sewer    | Reached XP level 7. HP: 21/42 MP: 9/9
  3188 | Sewer    | Noticed Grinder
  3200 | Sewer    | HP: 1/42 [shot self (14)]
  3203 | Sewer    | Slain by Grinder

Vault maps used:
D:1:      noname_arrival_rooms_in_the_neighbourhood
D:2:      zin_academy, led_sif_pool, yredelemnul_forgotten_temple_becter,
          gammafunk_temple_overflow_claw, uniq_terence, uniq_iyjb
D:3:      lightli_sewer_entry_pipes, kennysheep_crisscross
Sewer:    kennysheep_sewer_church

Action                   |  1- 3 |  4- 6 |  7- 9 || total
-------------------------+-------+-------+-------++-------
Melee: Short sword       |   112 |   123 |       ||   235
       Dagger            |       |   159 |    11 ||   170
Evoke: Wand              |     1 |     9 |     3 ||    13
  Use: Scroll            |     1 |     6 |       ||     7
       Potion            |       |     1 |     1 ||     2
 Stab: Sleeping          |     3 |    11 |       ||    14
       Confused          |       |     3 |       ||     3
       Distracted        |       |     2 |       ||     2
  Eat: Chunk             |       |     2 |       ||     2
       Bread ration      |       |     2 |       ||     2
